 Dungeon Crawl Stone Soup version 0.22-a0-422-g9628fc87f1 (webtiles) character file.

25 Deemzul the Skirmisher (level 2, -1/36 HPs)
             Began as a Demonspawn Berserker on May 17, 2018.
             Was a Follower of Trog.
             Slain by a worm (2 damage)
             ... on level 2 of the Dungeon.
             The game lasted 00:00:36 (752 turns).

Deemzul the Skirmisher (Demonspawn Berserker)        Turns: 752, Time: 00:00:37

Health: -1/36      AC:  3    Str: 22    XL:     2   Next: 86%
Magic:  2/2        EV: 12    Int:  8    God:    Trog [*.....]
Gold:   59         SH:  0    Dex: 12    Spells: 1/1 levels left

rFire    . . .     SeeInvis .   a - +0 falchion
rCold    . . .     Gourm    .   (no shield)
rNeg     . . .     Faith    .   b - +0 animal skin
rPois    .         Spirit   .   (no helmet)
rElec    .         Reflect  .   (no cloak)
rCorr    .         Harm     .   (no gloves)
MR       .....                  (no boots)
Stlth    ..........             (no amulet)
HPRegen  0.12/turn              (no ring)
MPRegen  0.08/turn              (no ring)

@: berserking, lethally poisoned (-1 -> -9), very quick
A: rugged brown scales 1
a: Berserk, Renounce Religion


You were on level 2 of the Dungeon.
You worshipped Trog.
Trog was aware of your devotion.
You were not hungry.

You visited 1 branch of the dungeon, and saw 2 of its levels.

You collected 59 gold pieces.

Inventory:

Hand Weapons
 a - a +0 falchion (weapon)
Armour
 b - a +0 animal skin (worn)
Scrolls
 d - a scroll of enchant weapon {unknown}
 h - 2 scrolls of identify {unknown}
Potions
 e - a potion of brilliance {unknown}
 f - a potion of mutation {unknown}
 g - a potion of curing {unknown}
Comestibles
 c - a ration


   Skills:
 + Level 3.2 Fighting
 * Level 3.1 Long Blades
 + Level 2.1 Armour
 + Level 2.1 Dodging


You had one spell level left.
You didn't know any spells.
Your spell library was empty.

Dungeon Overview and Level Annotations

Branches:
Dungeon (2/15)

Altars:

Annotations:
D:2 Robin


Innate Abilities, Weirdness & Mutations

You are partially covered in rugged brown scales. (AC +1, +3% HP)


Message History

The adder poisons you!
A hobgoblin comes into view.
You slash the goblin!
You kill the goblin!
Trog accepts your kill.
You feel sick. The goblin closely misses you. Robin throws the goblin at you!
The adder bites you.
Unknown command.
You slash the goblin!
You kill the goblin!
Trog accepts your kill. The goblin hits you.
* * * LOW HITPOINT WARNING * * *
The goblin hits you with a dagger.
* * * LOW HITPOINT WARNING * * *
Robin throws the goblin at you! The adder closely misses you.
The hobgoblin hits you.
* * * LOW HITPOINT WARNING * * *
The worm bites you.
You die...

.....# #..
......# #..
.......###.. ..
........#..##..
........#.....
......>g..#.#
...#>gSgw...##.
..g.g.g@g......
#.#####gg...###
### ##....##
#...####....##
#.##......#.#
.......<###.#
.#..#.### .#
..... .# ###


You could see a worm, Robin, an adder, 5 hobgoblins and 3 goblins.

Vanquished Creatures
  A dart slug (D:1)
  2 giant cockroaches (D:1)
  5 goblins
  4 hobgoblins
  2 jackals (D:1)
  2 kobolds (D:1)
  A ball python (D:1)
  A bat (D:1)
  A rat (D:1)
19 creatures vanquished.

Notes
Turn   | Place    | Note
-------+----------+-------------------------------------------
     0 | D:1      | Deemzul the Demonspawn Berserker began the quest for the Orb.
     0 | D:1      | Reached XP level 1. HP: 18/18 MP: 1/1
   147 | D:1      | Gained mutation: You are partially covered in rugged brown scales. (AC +1, +3% HP) [demonic ancestry]
   147 | D:1      | Reached XP level 2. HP: 17/24 MP: 2/2
   743 | D:2      | Noticed Robin
   752 | D:2      | HP: 1/36 [hobgoblin[Robin] (4)]
   752 | D:2      | Slain by a worm

Vault maps used:
D:1:      giann_forest_graveyard, minivault_26, hangedman_feature_mirror
D:2:      tso_metal_star, lemuel_flame_loot_1, uniq_robin

Skill      XL: |  1  2 |
---------------+-------+-----
Dodging        | 2 |  2.1
Long Blades    | 3 |  3.1
Armour         | 2 |  2.1
Fighting       | |  3.2

Action                   || total
-------------------------++-------
Melee: Falchion          ||    47
Invok: Berserk           ||     1
Armor: Animal skin       ||    12
Dodge: Dodged            ||    55
       Rpst.: Falchion   ||    19

Table legend:
 A = Spawn XP
 B = Non-spawn XP
 C = Spawn XP percentage of total XP
 D = Spawn monster count
 E = Non-spawn monster count
 F = Spawn count percentage of total count
 G = Total turns spent on level
                    A         B        C        D         E        F      G
               +---------+---------+-------+---------+---------+-------+---------
         Total |       0 |      37 |   0.0 |       0 |      19 |   0.0 |   752
               +---------+---------+-------+---------+---------+-------+---------
           D:1 |       0 |      29 |   0.0 |       0 |      15 |   0.0 |   740
           D:2 |       0 |       8 |   0.0 |       0 |       4 |   0.0 |    12
               +---------+---------+-------+---------+---------+-------+---------
